 Dungeon Crawl Stone Soup version 0.26-a0-771-g060e6a62af (webtiles) character file.

Game seed: 6156200136385806036

751 Queen the Skirmisher (level 7, -22/66 HPs)
             Began as a Pale Draconian Fighter on Nov 8, 2020.
             Was a Follower of the Shining One.
             Killed from afar by Maggie (33 damage)
             ... with a bolt of fire
             ... on level 6 of the Dungeon.
             The game lasted 00:11:16 (5263 turns).

Queen the Skirmisher (Pale Draconian Fighter)       Turns: 5263, Time: 00:11:16

Health: -22/66     AC:  7    Str: 20    XL:     7   Next: 49%
Magic:  0/7        EV: 13    Int:  9    God:    the Shining One [*.....]
Gold:   215        SH:  5    Dex: 16    Spells: 6/6 levels left

rFire    . . .     SeeInvis .   a - +4 long sword
rCold    . . .     Faith    .   y - +0 buckler
rNeg     . . .     Spirit   +   (armour unavailable)
rPois    .         Reflect  .   (helmet restricted)
rElec    .         Harm     .   u - +0 cloak
rCorr    .         Rampage  .   (no gloves)
MR       .....                  (no boots)
Stlth    +.........             j - amulet of guardian spirit
HPRegen  0.21/turn              p - +6 ring of dexterity
MPRegen  0.10/turn              (no ring)

@: mighty, short of breath, mesmerised, glowing
A: breathe steam, unfitting armour, cold-blooded, AC +6
a: Breathe Steam, Renounce Religion


You were on level 6 of the Dungeon.
You worshipped the Shining One.
The Shining One was aware of your devotion.
You visited 1 branch of the dungeon, and saw 6 of its levels.

You collected 215 gold pieces.

Inventory:

Hand Weapons
 a - a +4 long sword (weapon)
Armour
 b - a +2 kite shield
 u - a +0 cloak (worn)
 y - a +0 buckler (worn)
Jewellery
 j - an amulet of guardian spirit (around neck)
 p - a +6 ring of dexterity (left hand)
Wands
 n - a wand of acid (7)
 t - a wand of flame (23)
 x - a wand of polymorph (5)
Scrolls
 d - 2 scrolls of teleportation
 e - 3 scrolls of remove curse
 f - a scroll of identify {@r1}
 g - 3 scrolls of fear
 h - 4 scrolls of blinking
 o - 2 scrolls of noise
 r - a scroll of fog
 v - 2 scrolls of enchant weapon
Potions
 c - 2 potions of might
 i - a potion of ambrosia
 k - 2 potions of magic {unknown}
 l - a potion of resistance {unknown}
 m - 2 potions of lignification {unknown}
 q - a potion of flight {unknown}
 s - a potion of brilliance {unknown}
 w - a potion of haste {unknown}


   Skills:
 - Level 7.0 Fighting
 + Level 6.4 Long Blades
 - Level 2.6 Dodging
 * Level 3.1 Shields


You had 6 spell levels left.
You didn't know any spells.
Your spell library was empty.

Dungeon Overview and Level Annotations

Branches:
Dungeon (6/15)
 Temple: D:4-7

Altars:
Gozag
Hepliaklqana
Wu Jian
The Shining One

Annotations:
D:4 3 runed translucent doors, UristMcRaven's ghost, amateur GnTm
D:5 3 runed translucent doors, anet's ghost, weakling GnDe
D:6 Maggie


Innate Abilities, Weirdness & Mutations

You can breathe blasts of scalding, opaque steam.
Your pale cyan-grey scales are hard. (AC +6)
You cannot fit into any form of body armour.
You are cold-blooded and may be slowed by cold attacks.


Message History

You hit Maggie.
Your tail-slap misses Maggie.
Maggie is heavily wounded.
Maggie barely misses you.
You riposte.
You slash Maggie!
Your tail-slap misses Maggie.
Maggie is heavily wounded.
You completely miss Maggie.
Maggie is heavily wounded.
You block Maggie's attack.
You slash Maggie!
Your tail-slap misses Maggie.
Maggie is severely wounded.
Maggie hits you with a +1 halberd of flaming.
* * * LOW HITPOINT WARNING * * *
Maggie burns you.
Okay, then.
Okay, then.
You feel very mighty all of a sudden.
Maggie points at you and mumbles some strange words.
The bolt of fire hits you!!
Ouch! That really hurt!
You die...

## #. .. #.###
#.# # #.... #.#
#.#..§## #.#
#...§.. #.#.#
#..@# #.#.#
.#.#.§@####.#.#
#............#.#
#...#.######...##
#.. #. #....# .
#. #....#
#.######[...#
.#...........###
...............#
...#....##.....#


You could see Maggie (mesmerising).

Vanquished Creatures
  An ice beast (D:5)
  An ogre (D:5)
  A centaur (D:5)
  A howler monkey (D:5)
  A jelly (D:5)
  A hound (D:5)
  An orc priest (D:2)
  Crazy Yiuf (D:5)
  2 orc wizards
  A worker ant (D:5)
  Natasha (thrice) (D:4)
  A hound skeleton (D:6)
  5 adders
  2 white imps (D:5)
  An ufetubus (D:6)
  2 adder skeletons
  2 worms
  A dart slug (D:2)
  3 leopard geckos
  18 orcs
  4 ball pythons
  7 bats
  4 giant cockroaches
  6 goblins
  4 hobgoblins
  5 jackals
  A quokka (D:3)
  3 frilled lizards
  2 kobolds
  8 rats
93 creatures vanquished.

Notes
Turn   | Place    | Note
-------+----------+-------------------------------------------
     0 | D:1      | Queen the Draconian Fighter began the quest for the Orb.
     0 | D:1      | Reached XP level 1. HP: 19/19 MP: 1/1
   140 | D:1      | Reached skill level 4 in Fighting
   140 | D:1      | Reached XP level 2. HP: 27/27 MP: 2/2
   836 | D:2      | Reached XP level 3. HP: 17/35 MP: 1/3
  1071 | D:2      | Reached skill level 5 in Fighting
  1521 | D:2      | Found a hazy altar of Hepliaklqana.
  1584 | D:2      | Reached XP level 4. HP: 37/44 MP: 2/4
  1855 | D:3      | Reached skill level 6 in Fighting
  2328 | D:3      | Found an ornate altar of the Wu Jian Council.
  2328 | D:3      | Found a glowing golden altar of the Shining One.
  2841 | D:4      | Reached XP level 5. HP: 49/51 MP: 5/5
  2844 | D:4      | Found a runed translucent gate.
  2844 | D:4      | Found a runed translucent gate.
  2844 | D:4      | Found a runed translucent gate.
  2849 | D:4      | Found an opulent altar of Gozag.
  2863 | D:4      | Noticed a centaur
  2863 | D:4      | Noticed UristMcRaven's ghost (amateur GnTm)
  3133 | D:4      | Noticed Natasha
  3135 | D:4      | Killed Natasha
  3280 | D:4      | Reached skill level 7 in Fighting
  3356 | D:4      | Noticed Natasha
  3362 | D:4      | Killed Natasha
  3528 | D:3      | Became a worshipper of the Shining One
  3844 | D:4      | Noticed Natasha
  3855 | D:4      | Killed Natasha
  4036 | D:5      | Entered Level 5 of the Dungeon
  4068 | D:5      | Found a runed translucent door.
  4069 | D:5      | Noticed Crazy Yiuf
  4079 | D:5      | Killed Crazy Yiuf
  4079 | D:5      | Reached XP level 6. HP: 60/60 MP: 6/6
  4190 | D:5      | Found a runed translucent gate.
  4190 | D:5      | Found a runed translucent gate.
  4190 | D:5      | Found a runed translucent gate.
  4190 | D:5      | Found an opulent altar of Gozag.
  4193 | D:5      | Noticed anet's ghost (weakling GnDe)
  4256 | D:5      | Noticed an ice beast
  4266 | D:5      | Killed an ice beast
  4266 | D:5      | Reached skill level 5 in Long Blades
  4266 | D:5      | Your scales start taking on a pale cyan-grey colour.
  4266 | D:5      | Reached XP level 7. HP: 42/66 MP: 4/7
  4607 | D:5      | Found a hazy altar of Hepliaklqana.
  5222 | D:6      | Reached * piety under the Shining One
  5245 | D:6      | Noticed Maggie
  5263 | D:6      | Killed from afar by Maggie

Illustrated notes

Levels and vault maps discovered:
D:1:      enne_arrival_octagon_isle, layout_basic, grunt_decor_fettered
D:2:      layout_basic, lemuel_doored_altar
D:3:      layout_loops_corners, gammafunk_temple_overflow_wave,
          item_on_display_a
D:4:      layout_loops_ring, ebering_ghost_gozag, kennysheep_cross_room,
          uniq_natasha
D:5:      layout_gridville, basic_altar, ebering_ghost_gozag,
          uniq_crazy_yiuf_cottage
D:6:      layout_basic, minmay_temple_entry_fiery, cheibrodos_sewer_entry_bend,
          uniq_maggie

Skill      XL: |  1  2  3  4  5  6  7 |
---------------+----------------------+-----
Fighting       | 4 5 6 7 |  7.0
Long Blades    | 3 5 6 |  6.4
Dodging        | |  2.6
Shields        | |  3.1

Action                   |  1- 3 |  4- 6 |  7- 9 || total
-------------------------+-------+-------+-------++-------
Melee: Long sword        |    82 |   129 |    37 ||   248
       Tailslap          |    10 |    23 |     7 ||    40
 Abil: Breathe Steam     |       |       |     2 ||     2
  Use: Scroll            |       |    11 |     5 ||    16
       Potion            |       |       |     1 ||     1
 Stab: Sleeping          |     1 |     2 |       ||     3
Armor: Skin              |    19 |    32 |     3 ||    54
Dodge: Dodged            |    42 |    41 |    15 ||    98
Block: Kite shield       |    51 |    58 |    10 ||   119
       Buckler           |       |       |     3 ||     3
       Rpst.: Long sword |    15 |    11 |     3 ||    29

Table legend: (Time is in decaauts)
 A = Elapsed time spent in this place.
 B = Non-inter-level travel time spent in this place.
 C = Inter-level travel time spent in this place.
 D = Time resting spent in this place.
 E = Time spent auto-exploring this place.
 F = Levels seen in this place.
 G = Mean time per level.
                   A        B        C        D        E       F      G
               +--------+--------+--------+--------+--------+-----+--------+
         Total |   5363 |   4668 |    695 |    901 |   3030 |   6 |  893.8 |
       Dungeon |   5363 |   4668 |    695 |    901 |   3030 |   6 |  893.8 |
               +--------+--------+--------+--------+--------+-----+--------+

Top non-repeatable levels by time:
     D:2: 1254 daAuts
     D:4: 1218 daAuts
     D:5: 1187 daAuts
     D:3: 1103 daAuts
     D:1: 537 daAuts
     D:6: 63 daAuts
